[Event "Early-Titled-Tuesday-Blitz-May-28-2024"]
[Site "Chess.com"]
[Date "2024.05.28"]
[Round "5"]
[White "carloseduar100"]
[Black "IndianSchoolOfSuffering"]
[Result "0-1"]
[WhiteElo "2303"]
[BlackElo "2525"]
[TimeControl "180+1"]
[EndTime "8:56:25 PDT"]
[Termination "IndianSchoolOfSuffering won by checkmate"]

1. d4 Nf6 2. Bg5 d5 3. Bxf6 exf6 4. g3 Bd6 5. Nd2 O-O 6. Bg2 c6 7. e3 Nd7 8. Ne2 f5 9. O-O Nf6 10. c4 Be6 11. b3 g6 12. Rc1 Re8 13. cxd5 Bxd5 14. Bxd5 Nxd5 15. Nc3 Nxc3 16. Rxc3 h5 17. Nf3 Re4 18. d5 c5 19. h4 Qe7 20. Ng5 Rg4 21.
Re1 Qf6 22. Rd3 Re8 23. Qf3 b5 24. e4 f4 25. Kg2 Kg7 26. e5 Rxe5 27. Rxe5 Qxe5 28.
Ne4 fxg3 29. Nxg3 c4 30. Re3 Qf6 31. Qxf6+ Kxf6 32. Kf3 Bxg3 33. fxg3 Rd4 34. bxc4 bxc4 35. Rc3 Ke5 36. Ra3 Rxd5 37. Rxa7 Kd4 38. a4 c3 39. Ke2 Re5+ 40. Kd1 Rf5 41. a5 Rf1+ 42. Ke2 Rg1 43. Rxf7 Rxg3 44. a6 Rg2+ 45. Kd1 Ra2 46. a7 Ke5 47. Rc7 Kf5 48. Rxc3 Rxa7 49.
Rc4 Re7 50. Kd2 Re4 51. Rc6 Rxh4 52. Ke3 Rh3+ 53. Kf2 Rd3 54. Kg2 h4 55. Kh2 g5 56.
Rc8 Kf4 57. Re8 Rd2+ 58. Kh3 g4+ 59. Kxh4 Rh2# 0-1

[Event "Early-Titled-Tuesday-Blitz-May-28-2024"]
[Site "Chess.com"]
[Date "2024.05.28"]
[Round "5"]
[White "DanielNaroditsky"]
[Black "Alexander_Donchenko"]
[Result "1/2-1/2"]
[WhiteElo "3073"]
[BlackElo "2915"]
[TimeControl "180+1"]
[EndTime "8:56:26 PDT"]
[Termination "Game drawn by repetition"]

1. e4 c6 2. d4 d5 3. e5 Bf5 4. h4 h5 5. Bd3 Bxd3 6. Qxd3 Qa5+ 7. b4 Qa6 8. e6 Qxd3 9. cxd3 Na6 10. a3 Nc7 11. exf7+ Kxf7 12. Nf3 Nh6 13. Be3 Nf5 14. Nbd2 g6 15. Nb3 Bg7 16. Kd2 Rhe8 17. Rhe1 Bf6 18.
g3 Ne6 19. Rac1 Rec8 20. Bg5 b6 21. a4 Rc7 22. Be3 Rac8 23. Rc2 Ke8 24. Rec1 Kd7 25.
a5 Rb8 26. axb6 Rxb6 27. Bf4 Rc8 28. Nc5+ Nxc5 29. bxc5 Rb7 30. Kc3 a5 31. Ne5+ Ke6 32.
Re2 Bxe5 33. Bxe5 Kf7 34. Ra2 Ra8 35. Rca1 Rb5 36. Bc7 Nh6 37. Bf4 Nf5 38. Be5 Ra7 39. f3 Nh6 40. Bf4 Nf5 41. Be5 Nh6 42. Bf4 Nf5 43.
Be5 1/2-1/2

[Event "Early-Titled-Tuesday-Blitz-May-28-2024"]
[Site "Chess.com"]
[Date "2024.05.28"]
[Round "5"]
[White "Boundless_Strike"]
[Black "EvgenyBurmakin"]
[Result "1-0"]
[WhiteElo "2619"]
[BlackElo "2342"]
[TimeControl "180+1"]
[EndTime "8:56:26 PDT"]
[Termination "Boundless_Strike won by resignation"]

1. d4 f5 2. e4 fxe4 3. Nc3 Nf6 4.
Bg5 c6 5. f3 d5 6. fxe4 dxe4 7.
Bc4 Bf5 8. Nge2 b5 9. Bb3 a5 10. O-O Qd7 11. Bxf6 exf6 12. Ng3 Bg6 13. a4 f5 14.
axb5 Bd6 15. Qe1 cxb5 16. Nxb5 Rf8 17. c4 Bb4 18. Qe3 Nc6 19. Ba4 Rc8 20. Rad1 Qe7 21. d5 Bc5 22. Nd4 Kf7 23. dxc6 Rcd8 24. Ngxf5 Bxf5 25. Rxf5+ Kg8 26. Rd5 Rxd5 27. cxd5 Qe5 28. c7 Qxd5 29.
c8=Q Rxc8 30. Bb3 Bxd4 31. Bxd5+ Kh8 32. Qxd4 1-0

[Event "Early-Titled-Tuesday-Blitz-May-28-2024"]
[Site "Chess.com"]
[Date "2024.05.28"]
[Round "5"]
[White "2Coaches1Profile"]
[Black "jumpingknight20"]
[Result "0-1"]
[WhiteElo "2588"]
[BlackElo "2783"]
[TimeControl "180+1"]
[EndTime "8:56:28 PDT"]
[Termination "jumpingknight20 won on time"]

1. d4 g6 2. e4 Bg7 3. Nf3 d6 4. Bc4 Nf6 5. Qe2 O-O 6. h3 Nc6 7. O-O e5 8. dxe5 Nxe5 9. Nxe5 dxe5 10. Rd1 Qe7 11. b3 Rd8 12. Rxd8+ Qxd8 13. Nc3 c6 14. a4 Qe8 15. Be3 Be6 16. Rd1 Nh5 17.
a5 Nf4 18. Qf1 Qe7 19. Na4 Bxc4 20. Qxc4 Qg5 21. Bxf4 exf4 22. a6 f3 23. g3 b5 24.
Qxc6 Rf8 25. Nc5 Be5 26. Nd7 Bxg3 27. Kf1 Bf4 28. Nf6+ Kh8 29. Ng4 f5 30. exf5 gxf5 31.
Qc3+ Kg8 32. Rd7 fxg4 33. hxg4 Qxg4 0-1

[Event "Early-Titled-Tuesday-Blitz-May-28-2024"]
[Site "Chess.com"]
[Date "2024.05.28"]
[Round "5"]
[White "Slovineanu"]
[Black "MaxLeto"]
[Result "0-1"]
[WhiteElo "2539"]
[BlackElo "2404"]
[TimeControl "180+1"]
[EndTime "8:56:28 PDT"]
[Termination "MaxLeto won on time"]

1. d4 g6 2. e4 Bg7 3. Nc3 d6 4. Be3 Nc6 5. Nf3 e5 6. Bb5 exd4 7. Bxd4 Nf6 8. O-O O-O 9. Bxc6 bxc6 10. h3 c5 11. Be3 Rb8 12. Rb1 Bb7 13. e5 Ne4 14. Nxe4 Bxe4 15. exd6 cxd6 16. b3 Re8 17. Bf4 Rb6 18. Nd2 Bd5 19. Re1 Rxe1+ 20. Qxe1 Be6 21. Nc4 Ra6 22. Rd1 d5 23. Ne3 d4 24. a4 Qf6 25.
Qe2 Rc6 26. Qb5 Rc8 27. Qb7 Qxf4 28. Nc4 Qc7 29. Qe4 Bxc4 30. bxc4 Qd7 31. a5 Re8 32.
Qf4 h5 33. a6 Re6 34. Rb1 Rxa6 35. Rb8+ Kh7 0-1

[Event "Early-Titled-Tuesday-Blitz-May-28-2024"]
[Site "Chess.com"]
[Date "2024.05.28"]
[Round "5"]
[White "tusplingher"]
[Black "GambitGiesbergen"]
[Result "0-1"]
[WhiteElo "2574"]
[BlackElo "2358"]
[TimeControl "180+1"]
[EndTime "8:56:29 PDT"]
[Termination "GambitGiesbergen won by checkmate"]

1. e4 c5 2. Nf3 d6 3. d4 cxd4 4. Nxd4 Nf6 5. Bd3 Nc6 6. Be3 e5 7. Nxc6 bxc6 8. c4 Ng4 9. Bd2 Qb6 10. O-O Qxb2 11. Nc3 Qb6 12. Rb1 Qd8 13. h3 Nf6 14. f4 Be7 15. Be3 exf4 16. Bxf4 O-O 17. Qe2 Nd7 18. Rbd1 Ne5 19. Bc2 Qa5 20. Qd2 Nxc4 21. Qe1 Qc5+ 22. Kh1 Ne5 23. Bb3 Bf6 24. Na4 Qb5 25.
Rxd6 Ba6 26. Rg1 Rad8 27. Rxf6 gxf6 28. Qg3+ Kh8 29. Qh4 Rd6 30. Be3 Rg8 31. Bc5 Nf3 32. gxf3 Rxg1+ 33. Bxg1 Qf1 34. Qg3 Be2 35. Qf2 Bxf3+ 36.
Kh2 Qd3 37. Nc5 Qc3 38. Na4 Qe5+ 39. Qg3 Rd2+ 40. Bf2 Rxf2+ 41. Kg1 Qxg3# 0-1

[Event "Early-Titled-Tuesday-Blitz-May-28-2024"]
[Site "Chess.com"]
[Date "2024.05.28"]
[Round "5"]
[White "Nekoo04"]
[Black "Willi_Skibbe"]
[Result "1-0"]
[WhiteElo "2426"]
[BlackElo "2267"]
[TimeControl "180+1"]
[EndTime "8:56:29 PDT"]
[Termination "Nekoo04 won by checkmate"]

1. d4 d5 2. c4 c6 3. Nf3 Nf6 4. Qc2 a6 5. Bg5 Ne4 6. Nbd2 Nxg5 7. Nxg5 e5 8. h4 e4 9. g3 h6 10. Nh3 Be7 11. Nf4 O-O 12. e3 Be6 13. O-O-O Nd7 14. Nxe6 fxe6 15. Bh3 Rf6 16. Rhf1 b5 17. c5 Nf8 18. f4 a5 19. g4 g5 20. hxg5 hxg5 21. Bg2 Qc7 22. Nxe4 dxe4 23. Qxe4 gxf4 24. g5 Rf5 25.
exf4 Rd8 26. Bh3 Rdd5 27. Bxf5 exf5 28. Qe3 Qd7 29. Rh1 Ng6 30. Rh6 Kg7 31. Rdh1 Rxd4 32. Rh7+ Kf8 33. R1h6 Rd1+ 34. Kc2 Qd5 35. Rxg6 Rf1 36.
Qxe7# 1-0

[Event "Early-Titled-Tuesday-Blitz-May-28-2024"]
[Site "Chess.com"]
[Date "2024.05.28"]
[Round "5"]
[White "ploxoi"]
[Black "FrenchPlayer2203"]
[Result "1-0"]
[WhiteElo "2372"]
[BlackElo "2075"]
[TimeControl "180+1"]
[EndTime "8:56:29 PDT"]
[Termination "ploxoi won by checkmate"]

1. d4 d5 2. c4 e6 3. Nf3 Nf6 4. g3 Be7 5. Bg2 O-O 6. O-O dxc4 7. Qc2 a6 8. a4 Bd7 9. Rd1 Bc6 10. Nc3 a5 11. e4 Na6 12. Qe2 Nb4 13. Ne5 Ra6 14. Bf4 Qc8 15. Rac1 Rd8 16. Qxc4 Rb6 17. Be3 Na6 18.
Nxc6 Rxc6 19. Qb5 Rb6 20. Qxa5 Rxb2 21. Qe5 Rb4 22. h3 h6 23. Qf4 Bf8 24. Rd2 Be7 25. Rdc2 c6 26. Bf3 Qa8 27. Kg2 Nb8 28. g4 Nbd7 29. h4 Nb6 30. g5 hxg5 31. hxg5 Nh7 32.
Qh4 Nf8 33. Rh1 Ng6 34. Qh7+ Kf8 35. Qh8+ Nxh8 36. Rxh8# 1-0

[Event "Early-Titled-Tuesday-Blitz-May-28-2024"]
[Site "Chess.com"]
[Date "2024.05.28"]
[Round "5"]
[White "HamedWafa4"]
[Black "bazar-wokzal"]
[Result "1-0"]
[WhiteElo "2776"]
[BlackElo "2588"]
[TimeControl "180+1"]
[EndTime "8:56:30 PDT"]
[Termination "HamedWafa4 won by resignation"]

1. e4 Nc6 2. Nc3 Nf6 3. d4 d5 4.
e5 Nd7 5. Nxd5 Ndb8 6. Nc3 Qxd4 7. Bd3 Qxe5+ 8. Be3 e6 9. Nf3 Qh5 10. Nb5 Na6 11. O-O Bc5 12. Ng5 Qxd1 13. Raxd1 Bxe3 14. fxe3 Ne5 15. Be4 h6 16. Nxf7 Nxf7 17. Bg6 Rf8 18.
Rxf7 Rxf7 19. Rf1 Bd7 20. a4 Bxb5 21. axb5 Nc5 22. Rxf7 O-O-O 23. Rxg7 Na4 24. b3 Nc3 25. Kf2 Rd2+ 26. Kf3 Nxb5 27. h4 Na3 28. Rh7 Nxc2 29. Bxc2 Rxc2 30. Rxh6 Kd7 31. g4 Rc3 32. g5 Rxb3 33.
Rh7+ Kd6 34. h5 Rb1 35. h6 a5 36. Rh8 a4 37. h7 a3 38. Rd8+ Ke7 39. h8=Q 1-0

[Event "Early-Titled-Tuesday-Blitz-May-28-2024"]
[Site "Chess.com"]
[Date "2024.05.28"]
[Round "5"]
[White "jcibarra"]
[Black "viditchess"]
[Result "1-0"]
[WhiteElo "2914"]
[BlackElo "3072"]
[TimeControl "180+1"]
[EndTime "8:56:31 PDT"]
[Termination "jcibarra won by resignation"]

1. e4 c5 2. Nf3 d6 3. c3 Nf6 4. h3 Bd7 5. Bd3 Nc6 6. Bc2 Rc8 7.
O-O g6 8. d4 cxd4 9. cxd4 Bg7 10. Nc3 O-O 11. Re1 Na5 12. e5 Ne8 13. Bg5 f6 14. exf6 Nxf6 15. Qe2 Re8 16. Rac1 a6 17. Bd3 b5 18. Ne4 Rxc1 19. Rxc1 Bf5 20. Ned2 Bxd3 21. Qxd3 Qd7 22. Qc3 Nb7 23. Bxf6 Bxf6 24.
Qc7 Rd8 25. Rc6 Qxc7 26. Rxc7 Rb8 27. Ne4 Kf7 28. Nfg5+ Bxg5 29. Nxg5+ Kg7 30. f4 h6 31. Rxe7+ Kg8 32. Ne6 Na5 33. Rg7+ Kh8 34. Rxg6 Nc4 35. b3 Ne3 36. Rxh6+ Kg8 37. g4 Rc8 38. Kf2 Nd5 39. g5 Rc3 40. g6 Nf6 41. g7 Nh7 42. f5 Rc2+ 43. Kf3 Rc3+ 44. Ke4 1-0

[Event "Early-Titled-Tuesday-Blitz-May-28-2024"]
[Site "Chess.com"]
[Date "2024.05.28"]
[Round "5"]
[White "remyrushbrooke"]
[Black "frenchpin"]
[Result "1-0"]
[WhiteElo "2281"]
[BlackElo "2400"]
[TimeControl "180+1"]
[EndTime "8:56:31 PDT"]
[Termination "remyrushbrooke won by checkmate"]

1. d4 b6 2. Nc3 Bb7 3. e3 e6 4.
Nf3 Bb4 5. Be2 f5 6. O-O Nf6 7. a3 Bxc3 8. bxc3 Ne4 9. c4 O-O 10. Bb2 d6 11. Nd2 Nd7 12. Nxe4 fxe4 13. f3 Qg5 14. f4 Qg6 15. Bh5 Qh6 16. Bg4 Rae8 17. d5 Nc5 18. dxe6 Nxe6 19. Bxe6+ Qxe6 20. Qe2 Ba6 21. Qh5 Bxc4 22. f5 Qf7 23. Qg4 Bxf1 24. Rxf1 g6 25. h4 h5 26. Qg5 Kh7 27. Kh2 Rg8 28. f6 Re6 29. Rf4 c6 30. Kg1 d5 31. g4 Ree8 32.
Kh2 c5 33. gxh5 gxh5 34. Qf5+ Kh6 35. Be5 Re6 36. Rf2 Rge8 37. Bf4# 1-0

[Event "Early-Titled-Tuesday-Blitz-May-28-2024"]
[Site "Chess.com"]
[Date "2024.05.28"]
[Round "5"]
[White "crazy_but_lazy"]
[Black "AlexandraSamaganova"]
[Result "0-1"]
[WhiteElo "2665"]
[BlackElo "2407"]
[TimeControl "180+1"]
[EndTime "8:56:32 PDT"]
[Termination "AlexandraSamaganova won by resignation"]

1. d4 Nf6 2. Nf3 e6 3. Bf4 b6 4. e3 Bb7 5. h3 d5 6. Nbd2 Bd6 7. Ne5 O-O 8. Bd3 c5 9. c3 Nc6 10. O-O Qc7 11. Nxc6 Bxc6 12. Bxd6 Qxd6 13. f4 Ne4 14. Bxe4 dxe4 15. f5 exf5 16. Rxf5 cxd4 17. cxd4 g6 18. Rf2 Bd5 19. a3 Rac8 20. Qa4 Rc7 21. Nf1 Qe6 22. Ng3 Rfc8 23. Ne2 Bb3 24. Qb4 a5 25. Qe1 f5 26. Nf4 Qe7 27. d5 Qe5 28. Rd2 Rd7 29. Rc1 Rcd8 30. Rd4 Bxd5 31. Rcd1 Bc6 32. Rxd7 Rxd7 33.
Rxd7 Bxd7 34. Qd2 Be8 35. h4 Bf7 36. Qd8+ Kg7 37. b4 axb4 38. axb4 Qa1+ 39. Kh2 Qf6 40. Kh3 Qxd8 0-1

[Event "Early-Titled-Tuesday-Blitz-May-28-2024"]
[Site "Chess.com"]
[Date "2024.05.28"]
[Round "5"]
[White "Jeppesen08"]
[Black "SmirnovAlexandrA"]
[Result "0-1"]
[WhiteElo "2476"]
[BlackElo "2642"]
[TimeControl "180+1"]
[EndTime "8:56:32 PDT"]
[Termination "SmirnovAlexandrA won by resignation"]

1. e4 d5 2. exd5 Qxd5 3. Nc3 Qd6 4. Nf3 Nf6 5. d4 a6 6. Be2 b5 7. a3 Bb7 8. O-O Nbd7 9. h3 e6 10. Be3 c5 11. dxc5 Nxc5 12. Qxd6 Bxd6 13. Rad1 Be7 14. Ne5 Rc8 15. Bf3 Bxf3 16. Nxf3 Nfe4 17. Nxe4 Nxe4 18.
c3 Bf6 19. Rfe1 Ke7 20. Bd4 Bxd4 21. Nxd4 Nc5 22. f4 Rhd8 23. f5 g6 24. fxe6 Nxe6 25. Nxe6 Rxd1 26. Rxd1 Kxe6 27. Kf2 a5 28. Rd4 f5 29.
Kf3 g5 30. h4 h6 31. g3 Rc4 32.
Ke3 Rxd4 33. Kxd4 f4 34. gxf4 gxh4 35. Ke4 a4 36. f5+ Kf6 37. Kf4 h3 38. Kg3 Kxf5 39. Kxh3 Ke4 40. Kh4 Kd3 41. Kh5 Kc2 42. Kxh6 Kxb2 43.
Kg5 Kxc3 44. Kf4 Kb3 45. Ke4 Kxa3 46. Kd3 Kb2 47. Kd2 a3 48. Kd3 a2 0-1

[Event "Early-Titled-Tuesday-Blitz-May-28-2024"]
[Site "Chess.com"]
[Date "2024.05.28"]
[Round "5"]
[White "Chopper1905"]
[Black "youngKID"]
[Result "0-1"]
[WhiteElo "2958"]
[BlackElo "2883"]
[TimeControl "180+1"]
[EndTime "8:56:33 PDT"]
[Termination "youngKID won by resignation"]

1. d4 Nf6 2. c4 g6 3. Nc3 Bg7 4.
e4 d6 5. Nf3 O-O 6. Be2 e5 7.
O-O Na6 8. Be3 Qe7 9. Bg5 Bg4 10. dxe5 dxe5 11. Nd5 Qe6 12. Bxf6 Bxf6 13. Nd4 exd4 14. Bxg4 Qd6 15. b4 Bg7 16. c5 Qe5 17. f4 Qe8 18. Be2 Rd8 19. Bxa6 bxa6 20. Qd3 a5 21. b5 f5 22. Rae1 Qf7 23. Qb3 Kh8 24. b6 cxb6 25. cxb6 fxe4 26. Nc7 Qxb3 27. axb3 e3 28. Ne6 axb6 29.
Nxf8 Bxf8 30. Rf3 Bc5 31. Rd1 e2 32. Re1 d3+ 0-1

[Event "Early-Titled-Tuesday-Blitz-May-28-2024"]
[Site "Chess.com"]
[Date "2024.05.28"]
[Round "5"]
[White "MarkusRagger"]
[Black "djano"]
[Result "1-0"]
[WhiteElo "2800"]
[BlackElo "2580"]
[TimeControl "180+1"]
[EndTime "8:56:34 PDT"]
[Termination "MarkusRagger won by checkmate"]

1. d4 Nf6 2. c4 g6 3. Nc3 Bg7 4. e4 d6 5. Nf3 O-O 6. Be2 e5 7. O-O exd4 8. Nxd4 c6 9. Qc2 Nbd7 10. Rd1 Qe7 11. Bf4 Ne5 12. b3 h5 13. Bg5 Qc7 14. Qd2 Re8 15. Rac1 Bg4 16. f3 Bd7 17. Nc2 Nh7 18.
Bf4 Qa5 19. b4 Qc7 20. Qxd6 Qxd6 21. Rxd6 Be6 22. c5 Nxf3+ 23. gxf3 Bxc3 24. b5 cxb5 25. Bxb5 Rec8 26. c6 bxc6 27. Bxc6 Rab8 28. Ne3 Bb2 29. Rcd1 Rb6 30. Nd5 Bxd5 31. exd5 Ba3 32. Rd7 Rbxc6 33.
dxc6 Rxc6 34. Be3 a5 35. Ra7 Bb4 36. Rdd7 Rf6 37. Kg2 Rf5 38. Ra8+ Kg7 39. Bd4+ Kh6 40. Raa7 Ng5 41. Be3 h4 42. Rxf7 Re5 43. Rh7# 1-0

[Event "Early-Titled-Tuesday-Blitz-May-28-2024"]
[Site "Chess.com"]
[Date "2024.05.28"]
[Round "5"]
[White "Likvidator228"]
[Black "NowInChess"]
[Result "1-0"]
[WhiteElo "2532"]
[BlackElo "2241"]
[TimeControl "180+1"]
[EndTime "8:56:34 PDT"]
[Termination "Likvidator228 won on time"]

1. d4 Nf6 2. c4 c5 3. d5 b5 4. cxb5 a6 5. bxa6 g6 6. Nc3 Bg7 7. e4 O-O 8. Nf3 Qa5 9. Bd2 Bxa6 10. Bxa6 Qxa6 11. Qe2 e6 12. dxe6 fxe6 13. Qxa6 Nxa6 14. O-O d5 15. exd5 exd5 16. Rfd1 d4 17. Nb5 Rfb8 18. a4 Ne4 19. Bf4 Rf8 20. Bg3 Nxg3 21. hxg3 Nb4 22. b3 Rab8 23. Rac1 Rfc8 24. Ne1 Bh6 25. Rc4 Nd5 26.
Nd3 Nb6 27. Rxc5 Rxc5 28. Nxc5 Rc8 29. Nd3 Rc2 30. a5 Nd5 31. Nxd4 Ra2 32. b4 Bf8 33. Nc6 Nxb4 34. Ndxb4 Bxb4 35. Nxb4 Rxa5 36. Nd5 Ra2 37. g4 Kf7 38. Re1 h6 39. Re7+ Kg8 40. Nf6+ Kf8 41.
Rh7 Ra6 42. Ne4 g5 43. f3 Ra1+ 44. Kh2 Ra6 45. Ng3 Kg8 46. Rd7 Ra1 47. Nf5 Ra6 48.
Rd6 Ra1 49. Rxh6 Ra5 50. Rg6+ Kf7 51. Rxg5 Kf6 52. Rh5 Kg6 53. Ne7+ 1-0

[Event "Early-Titled-Tuesday-Blitz-May-28-2024"]
[Site "Chess.com"]
[Date "2024.05.28"]
[Round "5"]
[White "Thunderbolt135"]
[Black "Pintacara"]
[Result "1-0"]
[WhiteElo "2876"]
[BlackElo "2646"]
[TimeControl "180+1"]
[EndTime "8:56:35 PDT"]
[Termination "Thunderbolt135 won by resignation"]

1. d4 d5 2. Nf3 Nf6 3. c4 e6 4. e3 Be7 5. Bd3 O-O 6. O-O b6 7. cxd5 exd5 8. b3 Bb7 9. Bb2 Nbd7 10. Nc3 c5 11. Ne2 Rc8 12. Ng3 c4 13. Bc2 c3 14.
Bc1 Ne4 15. Nf5 Bf6 16. Ba3 Re8 17. Nd6 Nxd6 18. Bxd6 g6 19. Bg3 b5 20. b4 a5 21. a3 a4 22. Bd3 Qb6 23. Rc1 Bg7 24. Qe2 Ba6 25. Rc2 Rc6 26. Rfc1 Rec8 27. Qe1 Re8 28. Rxc3 Rce6 29. Qf1 Bf8 30. Rc7 Nb8 31. R1c2 Nc6 32. Qc1 Bb7 33. Rd7 Bc8 34. Rxd5 Ne7 35. Rdc5 Bb7 36. Ng5 Rf6 37. Bc7 Qa7 38. Be5 Rb6 39.
Bxb5 f6 40. Bxe8 fxe5 41. Bf7+ Kg7 42. Ba2 exd4 43. Ne6+ Kf6 44. Nxf8 1-0

[Event "Early-Titled-Tuesday-Blitz-May-28-2024"]
[Site "Chess.com"]
[Date "2024.05.28"]
[Round "5"]
[White "Dewarfd"]
[Black "jbking07"]
[Result "0-1"]
[WhiteElo "2132"]
[BlackElo "2383"]
[TimeControl "180+1"]
[EndTime "8:56:36 PDT"]
[Termination "jbking07 won on time"]

1. d4 d5 2. e3 Nf6 3. Nf3 Bf5 4. Bd3 Bxd3 5. Qxd3 e6 6. O-O c5 7. c4 cxd4 8. Nxd4 dxc4 9. Qxc4 Be7 10. Qb5+ Qd7 11.
Nc3 O-O 12. b3 a6 13. Qxd7 Nbxd7 14. Bb2 Rac8 15. Rac1 Nc5 16. Rfd1 Nfe4 17. Nxe4 Nxe4 18. f3 Nf6 19. Rxc8 Rxc8 20. Rc1 Rxc1+ 21. Bxc1 Nd5 22. Bd2 Bc5 23. Nc2 Kf8 24. Kf1 Ke7 25. Ke2 g6 26. Kd3 b5 27. e4 Nc7 28. Bb4 Kd6 29. a3 Bxb4 30. Nxb4 a5 31. Nc2 h5 32. h4 e5 33. a4 Ne6 34. axb5 Kc5 35. Ne3 Kxb5 36. Nc4 Kb4 37. Nxe5 Kxb3 38. Nc4 a4 39. g3 Nc5+ 40. Kd4 Ne6+ 41. Kd5 Nc7+ 42. Kd4 Nb5+ 43. Kc5 Nc3 44. Kd4 Ne2+ 45. Kd3 Nxg3 46. Nd2+ Kb4 47. Nb1 a3 0-1

[Event "Early-Titled-Tuesday-Blitz-May-28-2024"]
[Site "Chess.com"]
[Date "2024.05.28"]
[Round "5"]
[White "Ramosha"]
[Black "KNVB"]
[Result "0-1"]
[WhiteElo "2549"]
[BlackElo "2766"]
[TimeControl "180+1"]
[EndTime "8:56:37 PDT"]
[Termination "KNVB won by checkmate"]

1. e4 c5 2. Nf3 e6 3. d3 d5 4. Nbd2 Bd6 5. g3 Nc6 6. Bg2 Nge7 7.
O-O O-O 8. c3 d4 9. Re1 e5 10.
h4 f6 11. Rb1 Be6 12. a3 a5 13. Nf1 a4 14. N3d2 Qd7 15. Nh2 Bc7 16. c4 b5 17.
cxb5 Na5 18. f4 exf4 19. gxf4 Bxf4 20. e5 Bd5 21. Ne4 Bxe5 22. Nxc5 Bxh2+ 23. Kxh2 Qd6+ 24. Kg1 Qxc5 25. Bf4 Bxg2 26. Rc1 Qf5 27. Rxe7 Bd5 28. Rcc7 Rf7 29. Bg3 Qh3 30. Kf2 Qg2+ 31. Ke1 Qxg3+ 32.
Kd2 Qf4+ 33. Ke1 Qxh4+ 34. Kd2 Qg5+ 35. Ke1 Qg1+ 36. Kd2 Qxd1+ 37. Kxd1 Rxe7 38. Rxe7 Rb8 39. b4 axb3 40. a4 b2 41. Kc2 Bb3+ 42. Kxb2 Bxa4 43. Ka3 Bxb5 44. Kb4 Nc6+ 45. Kc5 Nxe7 46. Kxd4 Rd8+ 47. Kc5 Bxd3 48. Kb4 Bg6 49. Ka5 Be8 50. Kb6 Kf7 51. Kc7 Rd7+ 52. Kb6 Ng8 53. Kc6 f5 54. Kb6 f4 55.
Kc6 f3 56. Kb6 f2 57. Kc6 g5 58. Kb6 g4 59. Kc6 g3 60. Kb6 g2 61. Kc6 h6 62. Kb6 h5 63. Kc6 h4 64. Kb6 h3 65.
Kc6 h2 66. Kb6 Ke6 67. Kc6 Ke5 68. Kb6 Ke4 69. Kc6 Ke3 70. Kb6 Ke2 71. Kc6 f1=N 72.
Kb6 g1=N 73. Kc6 h1=N 74. Kb6 Nfg3 75. Kc6 Nh5 76. Kb6 Ng7 77. Kc6 Nh3 78. Kb6 Nf4 79.
Kc6 Ng6 80. Kb6 Nf2 81. Kc6 Nh3 82. Kb6 Nhf4 83. Kc6 Ng2 84. Kc5 Ne3 85. Kc6 Nf1 86. Kc5 Ng3 87. Kc6 Ne4 88. Kb6 Ng5 89. Kc6 Kf3 90.
Kb6 Kf4 91. Kc6 Kf5 92. Kb6 Ke6 93. Kc6 Ke7 94. Kc5 Bf7 95. Kc6 Rd5 96. Kb6 Kd6 97.
Ka6 Kc6 98. Ka7 Rb5 99. Ka8 Rb6 100. Ka7 Kc7 101. Ka8 Bd5+ 102. Ka7 Ba8 103. Kxa8 N7e6 104. Ka7 Ne5 105. Ka8 Ne7 106. Ka7 Ne4 107. Ka8 N6c5 108. Ka7 Nc4 109. Ka8 Ned6 110. Ka7 Ne8 111. Ka8 Kc8 112. Ka7 Rb7+ 113. Ka8 Ra7+ 114. Kxa7 Nc6+ 115. Ka8 Nc7# 0-1

[Event "Early-Titled-Tuesday-Blitz-May-28-2024"]
[Site "Chess.com"]
[Date "2024.05.28"]
[Round "5"]
[White "biveklama"]
[Black "OhanyanEminChess"]
[Result "0-1"]
[WhiteElo "2626"]
[BlackElo "2825"]
[TimeControl "180+1"]
[EndTime "8:56:38 PDT"]
[Termination "OhanyanEminChess won on time"]

1. e4 e5 2. Nf3 Nc6 3. Bc4 Nf6 4. d3 d5 5. exd5 Nxd5 6. O-O Bc5 7. Re1 Be6 8. Nbd2 f6 9. Nb3 Bb6 10. d4 O-O 11.
Nc5 Bxc5 12. dxc5 Bf7 13. c3 Nde7 14. Bxf7+ Kxf7 15. Qe2 Qd5 16. Be3 Rfd8 17. Red1 Qe6 18. b4 Rxd1+ 19. Rxd1 Rd8 20. Rxd8 Nxd8 21. c4 Qd7 22. h3 Ne6 23. Qc2 g6 24. a3 a6 25.
Nd2 Nf5 26. Ne4 Nfd4 27. Qd2 f5 28. Nc3 c6 29. Ne2 Ke7 30. Bg5+ Nxg5 31. Qxg5+ Kf7 32. Ng3 Ne6 33. Qh6 Kg8 34. Kh2 Nf4 35. Qg5 Kg7 0-1

[Event "Early-Titled-Tuesday-Blitz-May-28-2024"]
[Site "Chess.com"]
[Date "2024.05.28"]
[Round "5"]
[White "PeshkaCh"]
[Black "MITerryble"]
[Result "0-1"]
[WhiteElo "2879"]
[BlackElo "3033"]
[TimeControl "180+1"]
[EndTime "8:56:39 PDT"]
[Termination "MITerryble won by checkmate"]

1. Nf3 g6 2. e4 Bg7 3. d4 d6 4.
Bd3 Nc6 5. c3 e5 6. Be3 Nf6 7.
h3 O-O 8. O-O d5 9. dxe5 Nxe4 10. Bf4 Re8 11. Bb5 g5 12. Bh2 g4 13. hxg4 Bxg4 14. Qd3 Bxf3 15. Qxf3 Qg5 16. Bf4 Qg6 17. Bxc6 bxc6 18. Nd2 Nxd2 19. Bxd2 Rxe5 20. Rfe1 Re6 21. Bf4 Rae8 22. Rxe6 fxe6 23. Bxc7 e5 24. Qh3 Qf7 25. Bd6 Qe6 26. Qxe6+ Rxe6 27. Bc5 a6 28. Re1 Kf7 29. a4 h5 30. f3 Rg6 31. Kf2 Bf6 32. Rh1 Rg5 33.
Be3 Rf5 34. Ke2 Bg7 35. g4 hxg4 36. fxg4 Rf6 37. Rh5 Ke6 38. g5 Rf5 39. Rh7 Kf7 40. Rh4 Bf8 41. Rh7+ Bg7 42. Rh4 e4 43. Rh1 Kg6 44.
Rd1 Kh5 45. c4 Bxb2 46. cxd5 cxd5 47. Rh1+ Kg6 48. Rh6+ Kg7 49. Rb6 Bc3 50. Rxa6 d4 51. Re6 d3+ 52. Kd1 Rf1# 0-1

[Event "Early-Titled-Tuesday-Blitz-May-28-2024"]
[Site "Chess.com"]
[Date "2024.05.28"]
[Round "5"]
[White "klercaku"]
[Black "SipahiPower"]
[Result "0-1"]
[WhiteElo "2291"]
[BlackElo "2518"]
[TimeControl "180+1"]
[EndTime "8:56:39 PDT"]
[Termination "SipahiPower won by resignation"]

1. e4 e6 2. d4 d5 3. Nd2 Nf6 4. Bd3 c5 5. exd5 Qxd5 6. Ngf3 cxd4 7. O-O Nc6 8. Nb3 Bd7 9. Re1 Rd8 10. Bf4 Be7 11.
h3 Bc8 12. Qd2 Bb4 13. c3 dxc3 14. bxc3 Qxd3 15. Qxd3 Rxd3 16. cxb4 Nxb4 17. Ne5 Rd8 18. Be3 Nc2 19. Bxa7 Nxa1 20. Rxa1 Nd5 21. Bc5 f6 22.
Nc4 Kf7 23. Rc1 e5 24. a4 Ke6 25. a5 Bd7 26. Nb6 Bc6 27. Ba3 Nf4 28. Kh2 Bxg2 29. Nc5+ Kf5 30. Kg1 Bc6 31. a6 Ne2+ 32. Kf1 Nxc1 33.
axb7 Bxb7 34. Nxb7 Rb8 35. Nd6+ Ke6 36. Ndc4 Nd3 37. Ke2 Rhd8 38. Bc1 Nf4+ 39. Kf3 Nd5 40. Kg3 Nxb6 41. Nxb6 Rxb6 42. Be3 Rb3 43. Kf3 Rxe3+ 44.
fxe3 f5 45. e4 fxe4+ 46. Kxe4 Rd4+ 0-1

[Event "Early-Titled-Tuesday-Blitz-May-28-2024"]
[Site "Chess.com"]
[Date "2024.05.28"]
[Round "5"]
[White "Lennis93"]
[Black "HowTo2Draw"]
[Result "1-0"]
[WhiteElo "2770"]
[BlackElo "2572"]
[TimeControl "180+1"]
[EndTime "8:56:40 PDT"]
[Termination "Lennis93 won by checkmate"]

1. d4 f5 2. Nc3 Nf6 3. Bg5 d5 4.
Bxf6 exf6 5. e3 Be6 6. Bd3 g6 7. Nge2 c6 8. Nf4 Bf7 9. g4 fxg4 10. Qxg4 Bd6 11. h4 Nd7 12. h5 g5 13. Ne6 Qe7 14.
Ng7+ Kf8 15. Nf5 Qe6 16. O-O-O Bb4 17. Ne2 Re8 18. f4 h6 19. Rdf1 Kg8 20. Neg3 Bf8 21. e4 c5 22. e5 c4 23. Be2 c3 24. bxc3 Qc6 25. Rf3 b5 26. fxg5 hxg5 27. Kd2 Rc8 28. exf6 Qxf6 29. Bxb5 Nb6 30. Rhf1 Be6 31. Re3 Rh7 32.
Qe2 Bd7 33. Bd3 Qc6 34. Ba6 Rc7 35. Qg4 Qf6 36. Ke1 Na4 37. Bd3 Nxc3 38. Re5 Ne4 39. Nxe4 dxe4 40. Qxe4 Rxh5 41. Ne7+ Bxe7 42. Rxf6 Bxf6 43.
Qg6+ Bg7 44. Re8+ Bxe8 45. Qxe8+ Bf8 46. Qxh5 Rg7 47. Bc4+ Rf7 48. Qxf7+ Kh8 49. Qg8# 1-0